 Dungeon Crawl Stone Soup version 0.20-a0-622-g01f5896 (webtiles) character file.

12251 HallandMoats the Cleaver (level 11, -9/118 HPs)
             Began as a Deep Dwarf Fighter on Feb 9, 2017.
             Was an Elder of the Shining One.
             Mangled by a death yak simulacrum (36 damage)
             ... in an ice cave.
             The game lasted 00:16:09 (9509 turns).

HallandMoats the Cleaver (Deep Dwarf Fighter)       Turns: 9509, Time: 00:16:09

Health: -9/118     AC: 13    Str: 21 (23) XL:     11   Next: 60%
Magic:  18/18      EV:  9    Int:  9      God:    the Shining One [****..]
Gold:   631        SH: 11    Dex: 15      Spells: 10/10 levels left

rFire    . . .     SeeInvis +   a - +0 war axe
rCold    . . .     Gourm    .   M - +0 chain mail of the Equator {Regen+ Str+3 Slay+2} (curse)
rNeg     + + .     Faith    .   c - +0 shield
rPois    .         Spirit   .   u - +2 hat
rElec    +         Reflect  .   (no cloak)
rCorr    .         Harm     .   (no gloves)
MR       ++...                  y - +0 pair of boots
Stlth    ..........             (no amulet)
Regen    0.0/turn               e - ring of magical power (curse)
                                G - ring of protection from magic

@: non-regenerating, glowing
A: damage resistance, heal wounds, see invisible, deterioration 1, sense
surroundings 2, robust 1, electricity resistance, slow regeneration 3
a: Heal Wounds, Divine Shield, Cleansing Flame, Renounce Religion


You were in an ice cave.
You worshipped the Shining One.
The Shining One was greatly pleased with you.
You were not hungry.

You visited 2 branches of the dungeon, and saw 12 of its levels.
You also visited: Bailey and Ice Cave.

You collected 631 gold pieces.

Inventory:

Hand Weapons
 a - a +0 war axe (weapon)
Armour
 c - a +0 shield (worn)
 u - a +2 hat (worn)
 y - a +0 pair of boots (worn)
 M - the cursed +0 chain mail of the Equator (worn) {Regen+ Str+3 Slay+2}
   (You found it on level 7 of the Dungeon)

   It affects your strength (+3).
   It affects your accuracy and damage with ranged weapons and melee attacks
   (+2).
   It increases your rate of regeneration.
   It has a curse placed upon it.
Jewellery
 e - a cursed ring of magical power (right hand)
 v - an uncursed ring of fire
 A - an uncursed ring of magical power
 G - a ring of protection from magic (left hand)
Wands
 J - a wand of confusion (26/48)
 N - a wand of polymorph (16/24)
 O - a wand of polymorph (16/24)
 S - a wand of flame (34/48)
Scrolls
 b - 2 scrolls of holy word {unknown}
 j - 3 scrolls of blinking {unknown}
 n - 3 scrolls of fog {unknown}
 o - 5 scrolls of teleportation {unknown}
 p - 2 scrolls of amnesia {unknown}
 q - 5 scrolls of remove curse
 r - 3 scrolls of recharging {unknown}
 w - a scroll of acquirement {unknown}
 C - a scroll of enchant armour {unknown}
 D - 2 scrolls of magic mapping {unknown}
 F - a scroll of enchant weapon {unknown}
 P - a scroll of brand weapon {unknown}
Potions
 d - 2 potions of flight
 g - 7 potions of magic
 k - a potion of haste {unknown}
 l - 5 potions of heal wounds
 m - 9 potions of curing
 s - 2 potions of brilliance {unknown}
 x - 3 potions of invisibility {unknown}
 z - 4 potions of lignification
 B - 6 potions of mutation {unknown}
 E - 2 potions of ambrosia {unknown}
 H - a potion of cancellation {unknown}
 I - a potion of resistance {unknown}
 K - 2 potions of agility {unknown}
 L - 3 potions of might
Books
 R - a book of Clouds

   Spells                             Type                      Level
   a - Poisonous Vapours              Poison/Air                   2
   b - Mephitic Cloud                 Conjuration/Poison/Air       3
   c - Conjure Flame                  Conjuration/Fire             3
   d - Freezing Cloud                 Conjuration/Ice/Air          6
   e - Ring of Flames                 Charms/Fire                  7
 T - a book of Beasts

   Spells                             Type                      Level
   a - Summon Butterflies             Summoning                    1
   b - Call Canine Familiar           Summoning                    3
   c - Summon Ice Beast               Ice/Summoning                4
   d - Summon Mana Viper              Hexes/Summoning              5
   e - Summon Hydra                   Summoning                    7
Miscellaneous
 Q - a lightning rod (4/4)
Comestibles
 f - 11 bread rations
 h - 4 meat rations
 i - 5 royal jellies
 t - 4 fruits


   Skills:
 + Level 9.7 Fighting
 + Level 11.0 Axes
 + Level 7.0 Armour
 + Level 5.7 Dodging
 + Level 6.8 Shields
 * Level 9.9 Invocations


You had 10 spell levels left.
You didn't know any spells.

Dungeon Overview and Level Annotations

Branches:
Dungeon (11/15)            Temple (1/1) D:4            Lair (0/6) D:9
    Orc: D:9-12

Altars:
Ashenzari
Cheibriados
Dithmenos
Elyvilon
Fedhas
Gozag
Hepliaklqana
Kikubaaqudgha
Makhleb
Nemelex Xobeh
Okawaru
Qazlal
Ru
Sif Muna
Trog
Uskayaw
Vehumet
Xom
Yredelemnul
Zin
The Shining One

Annotations:
D:10 exclusion: obsidian statue


Innate Abilities, Weirdness & Mutations

You are resistant to damage.
You can heal yourself by infusing magical energy.
You passively map the area around you.
You do not regenerate.
You have supernaturally acute eyesight. (SInv)
Your body sometimes deteriorates upon taking damage.
You are robust. (+10% HP)
You are resistant to electric shocks. (rElec)


Message History

Your Armour skill increases to level 7!
You hit the death yak simulacrum. You slash the alligator simulacrum!
You block the alligator simulacrum's attack. x2
Your magical essence is drained by the effort!
You feel much better. The death yak simulacrum gores you.
The death yak simulacrum freezes you!! The alligator simulacrum bites you.
The alligator simulacrum freezes you!!
The alligator simulacrum completely misses you.
You feel much better.
The death yak simulacrum barely misses you.
The alligator simulacrum closely misses you.
The alligator simulacrum tail-slaps you.
The alligator simulacrum freezes you!!
* * * LOW HITPOINT WARNING * * *
You slash the death yak simulacrum!
The death yak simulacrum is heavily damaged.
You slash the alligator simulacrum! The death yak simulacrum gores you!
* * * LOW HITPOINT WARNING * * *
The death yak simulacrum freezes you!!!
You die...

** ≈ * *
##### * *
##...## *
, * ≈≈
##..∩..##
, ,, ≈
#.......#
* ≈
*#...∩...#
##.....##
* ≈
##.@.## ,
**≈≈ #Z.Z#
* ≈≈
##...# , ,
*≈ *#...#
≈ *...## ,
** ,..## ,
.## ** ,
#. * * * ,
* **


You could see an alligator simulacrum and a death yak simulacrum.

Vanquished Creatures
  4 two-headed ogres
  An unseen horror (D:10)
  An orange crystal statue (D:10)
  An ugly thing (D:11)
  Prince Ribbit (D:6)
  A queen bee (D:8)
  Grinder (D:4)
  A hornet (D:11)
  2 hippogriffs
  Sigmund (D:4)
  A spriggan (D:7)
  5 wyverns
  A basilisk (D:9)
  Edmund (D:6)
  An acid dragon (D:9)
  A water moccasin (D:9)
  4 orc warriors
  10 ice beasts
  3 sky beasts
  A black bear (D:9)
  6 ogres
  2 phantoms
  4 centaurs
  2 crocodiles
  A big kobold (D:7)
  2 bullfrogs
  10 killer bees (D:8)
  An elephant simulacrum (IceCv)
  12 wights
  4 howler monkeys
  A bullfrog zombie (D:5)
  5 hounds
  2 centaur zombies
  4 jellies
  A gnoll shaman (D:6)
  An orc priest (D:6)
  3 bullfrog skeletons
  3 iguanas
  9 orc wizards
  8 worker ants
  A wolf simulacrum (IceCv)
  2 hound zombies (D:10)
  18 gnolls
  A howler monkey skeleton (D:8)
  13 adders
  A shadow imp (D:6)
  An ooze (D:4)
  5 adder skeletons
  An adder zombie (D:8)
  5 worms
  A dart slug (D:1)
  4 leopard geckos
  29 orcs
  A ball python (D:2)
  3 giant cockroaches
  9 goblins
  20 hobgoblins
  13 jackals
  5 quokkas
  10 bats
  6 frilled lizards
  22 kobolds
  A leopard gecko skeleton (D:5)
  A leopard gecko zombie (D:6)
  A quokka skeleton (D:7)
  5 rats
  A plant (D:8)
303 creatures vanquished.

Vanquished Creatures (others)
  A plant (D:8)
1 creature vanquished.

Grand Total: 304 creatures vanquished

Notes
Turn   | Place    | Note
-------+----------+-------------------------------------------
     0 | D:1      | HallandMoats the Deep Dwarf Fighter began the quest for the Orb.
     0 | D:1      | Reached XP level 1. HP: 20/20 MP: 1/1
    99 | D:1      | Reached XP level 2. HP: 27/27 MP: 2/2
   270 | D:1      | Reached skill level 3 in Axes
   547 | D:1      | Reached XP level 3. HP: 27/34 MP: 3/3
  1062 | D:2      | You fall through a shaft!
  1329 | D:2      | Reached XP level 4. HP: 42/44 MP: 4/4
  2171 | D:4      | Reached skill level 4 in Axes
  2171 | D:4      | Reached XP level 5. HP: 43/51 MP: 5/5
  2190 | D:4      | Noticed Sigmund
  2205 | D:4      | Killed Sigmund
  2205 | D:4      | Reached skill level 5 in Fighting
  2205 | D:4      | Reached skill level 5 in Axes
  2205 | D:4      | Reached XP level 6. HP: 47/61 MP: 6/6
  2277 | D:4      | Found a staircase to the Ecumenical Temple.
  2284 | D:4      | Noticed Grinder
  2296 | D:4      | Killed Grinder
  2302 | Temple   | Entered the Ecumenical Temple
  2329 | Temple   | Became a worshipper of the Shining One
  2461 | D:4      | Reached skill level 6 in Axes
  2461 | D:4      | Reached XP level 7. HP: 50/68 MP: 7/7
  2712 | D:4      | Found a basalt altar of Yredelemnul.
  2999 | D:4      | Reached skill level 7 in Axes
  3263 | D:5      | Entered Level 5 of the Dungeon
  3406 | D:5      | Reached * piety under the Shining One
  3439 | D:5      | Reached XP level 8. HP: 76/78 MP: 8/8
  3641 | D:5      | Gained mutation: You are resistant to electric shocks. (rElec) [mutagenic meat]
  3642 | D:5      | Gained mutation: You are robust. (+10% HP) [mutagenic meat]
  3643 | D:5      | Gained mutation: Your body sometimes deteriorates upon taking damage. [mutagenic meat]
  3644 | D:5      | Gained mutation: You have supernaturally acute eyesight. (SInv) [mutagenic meat]
  3715 | D:5      | Reached skill level 8 in Axes
  4236 | D:6      | Noticed Edmund
  4253 | D:6      | Killed Edmund
  4253 | D:6      | Reached skill level 9 in Axes
  4391 | D:6      | Found a bloodstained altar of Trog.
  4517 | D:6      | Noticed Prince Ribbit
  4522 | D:6      | Gained mutation: You passively map the area around you. [Deep Dwarf growth]
  4522 | D:6      | Reached XP level 9. HP: 51/96 MP: 7/7
  4535 | D:6      | Killed Prince Ribbit
  4763 | D:6      | Reached ** piety under the Shining One
  4773 | D:6      | Reached skill level 1 in Invocations
  4928 | D:7      | Found a glowing golden altar of the Shining One.
  5100 | D:7      | Reached skill level 1 in Dodging
  5275 | D:7      | Noticed a two-headed ogre
  5286 | D:7      | Killed a two-headed ogre
  5286 | D:7      | Reached skill level 10 in Axes
  5286 | D:7      | Reached skill level 5 in Invocations
  5294 | D:7      | Got a jewelled chain mail
  5306 | D:7      | Identified the cursed +0 chain mail of the Equator {Regen+ Str+3 Slay+2} (You found it on level 7 of the Dungeon)
  5333 | D:7      | Reached XP level 10. HP: 85/107 MP: 11/11
  5595 | D:8      | Reached skill level 5 in Shields
  6019 | D:8      | Noticed a two-headed ogre
  6028 | D:8      | Killed a two-headed ogre
  6028 | D:8      | Reached skill level 5 in Armour
  6114 | D:8      | Reached *** piety under the Shining One
  6158 | D:8      | Found a shattered altar of Ashenzari.
  6158 | D:8      | Found a hide-covered altar of Uskayaw.
  6164 | D:8      | Found an opulent altar of Gozag.
  6166 | D:8      | Found a faded altar of an unknown god.
  6168 | D:8      | Found a faded altar of an unknown god.
  6777 | D:9      | Noticed a two-headed ogre
  6785 | D:9      | Killed a two-headed ogre
  7453 | D:9      | Reached XP level 11. HP: 64/116 MP: 12/12
  7508 | D:9      | Found a staircase to the Lair.
  7736 | D:10     | Entered Level 10 of the Dungeon
  7845 | D:10     | Found a flagged portal.
  7862 | Bailey   | Entered a bailey
  8454 | D:10     | Noticed a two-headed ogre
  8464 | D:10     | Killed a two-headed ogre
  8464 | D:10     | Reached skill level 5 in Dodging
  8465 | D:10     | Noticed an obsidian statue
  9024 | D:10     | Noticed an orange crystal statue
  9048 | D:10     | Killed an orange crystal statue
  9123 | D:10     | Noticed an unseen horror
  9128 | D:10     | Killed an unseen horror
  9258 | D:11     | Reached skill level 11 in Axes
  9368 | D:11     | Noticed a white ugly thing
  9380 | D:11     | Killed a white ugly thing
  9411 | D:11     | Reached **** piety under the Shining One
  9412 | D:11     | Found a frozen archway.
  9500 | IceCv    | Entered an ice cave
  9509 | IceCv    | Mangled by a death yak simulacrum

Vault maps used:
D:1:      doesnt_arrival_eight_statues, minmay_misc_feat_room, item_on_display_a
D:3:      due_unseen_surprise
D:4:      yredelemnul_altar_generic, minmay_temple_entry_mist, uniq_sigmund,
          uniq_grinder
D:5:      first_bread
D:6:      kennysheep_little_box, serial_glass, glass_columns_a, glass_columns_a,
          serial_park_tiny_1, uniq_prince_ribbit1, uniq_edmund
D:7:      the_bakery, lemuel_tele_altar
D:8:      mumra_celtic_spiral_tile, chequers_temple_overflow_minitemple,
          grunt_decor_cap, nicolae_looking_at_the_future
D:9:      erik_lair_dragon
D:10:     minmay_separated_statues, enter_bailey_2
D:11:     portal_ice_cave_entry_ice_beasts, uniq_maurice
Temple:   lightli_temple_of_artemis
Bailey:   bailey_axe_2, bailey
IceCv:    ice_cave_small_necro

Skill      XL: |  1  2  3  4  5  6  7  8  9 10 11 |
---------------+----------------------------------+-----
Fighting       | 3 4 5 6 8 9 |  9.7
Axes           | 3 4 5 6 7 9 10 11 | 11.0
Invocations    | 5 8 9 |  9.9
Dodging        | 2 4 5 |  5.7
Armour         | 4 5 7 |  7.0
Shields        | 4 6 |  6.8

Action                   |  1- 3 |  4- 6 |  7- 9 | 10-12 || total
-------------------------+-------+-------+-------+-------++-------
Melee: War axe           |   161 |   110 |   289 |   420 ||   980
       Halberd           |       |       |       |    15 ||    15
 Abil: Heal Wounds       |     2 |     1 |    16 |    24 ||    43
  Use: Potion            |       |     1 |       |       ||     1
       Scroll            |       |       |     6 |     2 ||     8
  Eat: Chunk             |     2 |     4 |    13 |    14 ||    33
Armor: Scale mail        |    86 |    72 |    76 |       ||   234
       Ring mail         |       |       |    35 |       ||    35
       Chain mail        |       |       |    16 |   144 ||   160
Dodge: Dodged            |    53 |    30 |    94 |   162 ||   339
Block: Shield            |    74 |    90 |   155 |   233 ||   552
